[Event "ESP-chT Honor Division 2022"]
[Site "Linares"]
[Date "2022.09.20"]
[Round "4.18"]
[White "Batsiashvili, Nino"]
[Black "Ambartsumova, Karina"]
[Result "1-0"]
[ECO "E73"]
[WhiteElo "2477"]
[BlackElo "2386"]
[Annotator "TA"]
[PlyCount "63"]
[EventDate "2022.09.17"]
[EventType "team-tourn"]
[EventCountry "ESP"]
[SourceTitle "playchess.com"]
[Source "ChessBase"]
[SourceQuality "1"]
[TimeControl "5400+30"]

1. d4 Nf6 2. c4 g6 3. Nc3 Bg7 4. e4 d6 5. Be2 O-O 6. Be3 e5 7. d5 Na6 8. h4 {[%emt 0:02:34][%cal Bh2h4,Bh4h5,Bh5h6][%mdl 32] MISS-Ng1-f3 11 (Ng1-f3) (=11)} Nc5 {[%emt 0:01:13] CPLX 2.0. E73: King's Indian: Averbakh Variation without 6...c5.} 9. Qc2 {[%emt 0:00:22] CPLX 2.3 7 (Be3xc5) (=9)} c6 {[%emt 0:08:58] BESTDEEP} 10. h5 {[%emt 0:04:06] CPLX 2.5 11 (Be3xc5) (=10)} cxd5 {[%emt 0:08:21] BESTDEEP. The position is equal.} 11. cxd5 {[%emt 0:00:08] RECAPT} ({Much worse is} 11. h6 d4 12. hxg7 Re8 $15) 11... a5 {[%emt 0:01:32] RELBLUND 85 (Qd8-a5) (=21)} (11... Qa5 $11 {remains equal.} 12. h6 Bh8) 12. h6 {[%emt 0:13:20] CPLX 2.7 6 (Be3xc5) (=7)} Bh8 {[%emt 0:00:37] EASY} 13. Nh3 {[%emt 0:06:29] [#] RELBLUND 58 (Be3xc5) (=16)} (13. Bxc5 $16 {aiming for Ba3.} dxc5 14. Rd1) 13... Bd7 $146 {[%emt 0:12:02] CPLX 2.5} ({Predecessor:} 13... Bxh3 14. Rxh3 Rc8 15. f3 Qd7 16. Bb5 Qc7 17. g4 Nfd7 18. Kf2 Bf6 19. Kg2 Ra8 {1-0 (45) Matsuura,E (2437)-Luz,A (2199) Niteroi 2022}) 14. f3 {[%emt 0:12:10] CPLX 2.6 29 (Be3xc5) (=17)} (14. Bxc5 $5 dxc5 15. Rd1 $14) 14... Nh5 {[%emt 0:16:32][%cal Bf6h5,Bh5g3,Bg3e2][%mdl 32] BESTDEEP} 15. g4 {[%emt 0:00:41] MISS-Be3xc5 43 (Be3xc5) (=21)} Ng3 {[%emt 0:00:18] EASY} 16. Rg1 {[%emt 0:02:22] CPLX 3.2} Nxe2 {[%emt 0:00:23] CPLX 3.2} 17. Qxe2 {[%emt 0:00:11] RECAPT} a4 {[%emt 0:01:18] BESTDEEP} 18. Nf2 {[%emt 0:11:50] CPLX 2.9 18 (Ke1-f1) (=17)} Qa5 {[%emt 0:03:16] CPLX 2.6 22 (Bh8-f6) (=10)} 19. Qd2 {[%emt 0:08:13] CPLX 2.7 7 (Ke1-f1) (=16)} Rfc8 {[%emt 0:02:27] CPLX 2.6 18 (Ra8-c8) (=10)} (19... Rac8 {is interesting.} 20. Kf1 Bf6 21. Rc1 b5) 20. Ncd1 {[%emt 0:04:20] RELBLUND 55 (Ra1-c1) (=19)} (20. Rc1 $11) 20... Qa6 $17 {[%emt 0:05:19] BESTDEEP} 21. Bg5 {[%emt 0:02:59] CPLX 2.7 20 (Ra1-b1) (=19)} Rc7 {[%emt 0:06:07] CPLX 2.8 40 (a4-a3) (=12)} 22. Rc1 {[%emt 0:03:55] CPLX 2.8} a3 {[%emt 0:09:18] RELBLUND 93 (Ra8-c8) (=17)} (22... Rac8 $15 23. Rc3 Bb5) 23. b4 $14 {[%emt 0:01:03] EASY} Nb3 {[%emt 0:00:13] BESTDEEP} 24. axb3 {[%emt 0:01:15] EASY} Rxc1 {[%emt 0:00:16] CPLX 4.3} 25. Qxc1 {[%emt 0:00:01] RECAPT} a2 {[%emt 0:00:58] CPLX 3.8 117 (Qa6-b5) (=21)} (25... Qb5 $14) 26. Qa1 $18 {[%emt 0:00:06] Strongly threatening Nc3. EASY} Qa3 {[%emt 0:07:57] [#] CPLX 4.2 60 (Qa6-b6) (=23)} (26... Qb6 $142) 27. Nc3 $1 {[%emt 0:01:32] Rg2 is the strong threat. CPLX 3.6} Qxb4 {[%emt 0:01:32] CPLX 3.7 146 (Qa3xb3) (=29)} (27... Qxb3 $142 28. Nfd1 f6) 28. Nfd1 {[%emt 0:00:10] DEEPSTRONG=>BLUNDERREACT} f5 {[%emt 0:06:58] CPLX 3.8 133 (f7-f6) (=34)} 29. gxf5 {[%emt 0:00:44] CPLX 3.9 31 (Rg1-g2) (=13). White is clearly winning.} Bxf5 {[%emt 0:00:31] EVAL 257 (Kg8-f7) (=44)} (29... Kf7 $142 30. fxg6+ Kxg6) 30. Rg2 {[%emt 0:01:54] EVAL} Qd4 {[%emt 0:00:36] BEVAL 350 (Bf5-d7) (=57)} 31. Be3 {[%emt 0:00:35] BEVAL} Qd3 {[%emt 0:00:10] BEVAL} 32. Rd2 {[%emt 0:00:50] Weighted Error Value: White=0.18 (very precise) /Black=0.44} 1-0

[Event "ESP-chT Honor Division 2022"]
[Site "Linares"]
[Date "2022.09.20"]
[Round "4.19"]
[White "Harikrishna, Pentala"]
[Black "Kryvoruchko, Yuriy"]
[Result "1-0"]
[ECO "C67"]
[WhiteElo "2716"]
[BlackElo "2669"]
[Annotator "TA"]
[PlyCount "107"]
[EventDate "2022.09.17"]
[EventType "team-tourn"]
[EventCountry "ESP"]
[SourceTitle "playchess.com"]
[Source "ChessBase"]
[SourceQuality "1"]
[TimeControl "5400+30"]

1. e4 e5 2. Nf3 Nc6 3. Bb5 Nf6 4. O-O Nxe4 5. Re1 Nd6 6. Nxe5 Be7 7. Bf1 Nxe5 8. Rxe5 O-O {[%emt 0:00:07] CPLX 2.2} 9. Nc3 {[%emt 0:00:32] BESTDEEP. C67: Ruy Lopez: Berlin Defence: 4 0-0 Nxe4.} Bf6 {[%emt 0:01:19] CPLX 2.0 5 (Nd6-e8) (=3)} 10. Re1 {[%emt 0:06:35] CPLX 2.3} Re8 {[%emt 0:00:05] CPLX 2.0 3 (Nd6-f5) (=3)} 11. Nd5 {[%emt 0:05:07] CPLX 2.2 2 (Re1xe8) (=1). The position is equal.} Rxe1 {[%emt 0:00:12] CPLX 2.5} 12. Qxe1 {[%emt 0:00:07][%cal Od2d4] RECAPT 0 (Nd5xf6) (=1)} b6 {[%emt 0:00:06] CPLX 2.1} 13. Nxf6+ {[%emt 0:02:22] CPLX 2.2 5 (c2-c3) (=1)} Qxf6 {[%emt 0:00:04] RECAPT} 14. d3 {[%emt 0:00:31] CPLX 2.0 3 (Qe1-e3) (=2) 14.f3 is vanishing.} Bb7 {[%emt 0:00:09] EASY} 15. Qc3 $5 {[%emt 0:03:09][%mdl 4] CPLX 2.1 11 (Qe1-d2) (=3) A promising side line.} Qxc3 {[%emt 0:02:54] CPLX 2.6} 16. bxc3 {[%emt 0:00:19] RECAPT} c5 {[%emt 0:02:19] CPLX 2.0 34 (f7-f6) (=5)} 17. a4 {[%emt 0:02:06][%cal Ba2a4,Ba4a5][%mdl 32] BESTDEEP} Bc6 {[%emt 0:14:07] DEEPSTRONG} 18. a5 {[%emt 0:06:45] [#] CPLX 2.0} f6 $146 {[%emt 0:10:27] BESTDEEP} ({Predecessor:} 18... Nb5 19. Bb2 Nc7 20. f3 f6 21. Kf2 Kf7 22. c4 Ne6 23. c3 d5 24. cxd5 Bxd5 {0-1 (52) Maghsoodloo,P (2701)-Caruana,F (2792) Chess.com INT 2022}) 19. f3 {[%emt 0:19:33] CPLX 2.0 2 (d3-d4) (=2)} Kf7 {[%emt 0:04:32] CPLX 2.0 2 (Nd6-b5) (=4)} 20. d4 {[%emt 0:07:45] BESTDEEP} cxd4 {[%emt 0:05:46] CPLX 2.1} 21. cxd4 {[%emt 0:01:04] RECAPT} (21. Bf4 {is more complex.} Nf5 22. Bc4+ Ke7 23. Re1+) 21... b5 {[%emt 0:01:37] Inhibits c4. CPLX 2.0} 22. a6 {[%emt 0:04:18] BESTDEEP} Nc4 {[%emt 0:03:28] CPLX 2.0} 23. Bd3 {[%emt 0:02:16] CPLX 2.0 7 (Ra1-b1) (=2)} d5 {[%emt 0:09:21] CPLX 2.0 13 (g7-g6) (=4)} 24. h4 {[%emt 0:02:13] CPLX 2.0 0 (Kg1-f2) (=2)} (24. Bxh7 g6 25. Ba3 Kg7 26. Bxg6 Kxg6 $17) 24... Bd7 {[%emt 0:03:23] CPLX 2.0 0 (h7-h5) (=3)} 25. Bxc4 {[%emt 0:00:48] CPLX 2.1 15 (g2-g4) (=3)} bxc4 $14 {[%emt 0:12:43][%mdl 4096] Endgame KRB-KRB. RECAPT} 26. Rb1 {[%emt 0:08:32] With the idea Rb7. CPLX 2.0 16 (Bc1-a3) (=3)} Bc8 {[%emt 0:00:11] Against Rb7+. BESTDEEP} 27. Rb5 {[%emt 0:00:05] EASY} Bxa6 {[%emt 0:00:23] RELBLUND 52 (Kf7-e6) (=5)} ({Better is} 27... Ke6 $1 $11) 28. Rxd5 {[%emt 0:00:05] CPLX 2.0} Rb8 {[%emt 0:02:08] [#] ...Rb1 is the strong threat. CPLX 2.0 16 (Kf7-e6) (=6)} 29. Ba3 {[%emt 0:05:43] BESTDEEP} Rb1+ {[%emt 0:01:42] CPLX 2.0 4 (Ba6-b5) (=6)} 30. Kh2 {[%emt 0:01:30] BESTDEEP} Bb5 {[%emt 0:00:08] Prevents Rd7+. CPLX 2.0 15 (Rb1-b7) (=6)} 31. Rc5 {[%emt 0:02:36] CPLX 2.0} a6 {[%emt 0:00:39] CPLX 2.0 33 (Rb1-a1) (=7)} 32. Rc7+ {[%emt 0:01:56] EASY} Kg8 {[%emt 0:00:05] BESTDEEP} 33. h5 {[%emt 0:02:01] Strongly threatening Rc8+. CPLX 2.1 33 (d4-d5) (=4)} Rd1 {[%emt 0:01:27] CPLX 2.1 18 (Rb1-a1) (=8)} 34. c3 {[%emt 0:00:20] CPLX 2.1 9 (Rc7-c8) (=4)} Re1 {[%emt 0:02:35] BESTDEEP} 35. Bb4 {[%emt 0:02:06] CPLX 2.1} Re3 {[%emt 0:03:36] CPLX 2.0 44 (h7-h6) (=9)} 36. Kg1 {[%emt 0:02:34] CPLX 2.0 25 (Kh2-g3) (=5)} Re1+ {[%emt 0:07:21] CPLX 2.0 26 (Re3-e2) (=9)} 37. Kf2 {[%emt 0:00:38] CPLX 2.0} Rd1 {[%emt 0:01:50] CPLX 2.3} 38. g4 {[%emt 0:03:43] CPLX 2.1 34 (Rc7-c8) (=5)} h6 {[%emt 0:02:44] CPLX 2.1 32 (Rd1-d3) (=10)} 39. Ke3 {[%emt 0:00:33] CPLX 2.0} Re1+ {[%emt 0:01:57] CPLX 2.0} 40. Kf4 {[%emt 0:01:55] White is much more active. CPLX 2.0} Rd1 {[%emt 0:00:07] CPLX 2.1} 41. Kf5 {[%emt 0:02:04] CPLX 2.1 39 (Rc7-c5) (=6)} Rf1 {[%emt 0:00:28] CPLX 2.1 12 (Rd1-d3) (=9)} 42. Kf4 {[%emt 0:01:56] CPLX 2.2 89 (Rc7-c8) (=9)} (42. Rc8+ $16 Kh7 43. Rc7) 42... Ba4 $2 {[%emt 0:00:27][%mdl 8192] [#] RELBLUND 252 (Rf1-d1) (=16)} (42... Rd1 $11 {and Black is okay.}) 43. d5 $18 {[%emt 0:02:20][%cal Bd4d5,Bd5d6][%mdl 32] CPLX 2.2} ({Not} 43. Rxc4 Bd1 $14) 43... Bd1 $2 {[%emt 0:00:22] CPLX 2.2 175 (a6-a5) (=20)} (43... a5 {might work better.}) 44. Rc8+ {[%emt 0:01:59] EASY} Kh7 {[%emt 0:00:01] EASY} 45. d6 {[%emt 0:00:12] CPLX 2.4} Rxf3+ {[%emt 0:01:06] MISS-Bd1xf3 35 (Bd1xf3) (=20)} 46. Ke4 {[%emt 0:00:04] LEGAL} Rd3 {[%emt 0:00:04] CPLX 2.7 57 (Rf3-g3) (=21)} 47. Rxc4 {[%emt 0:00:11] EASY} Bc2 {[%emt 0:00:29] BESTDEEP} 48. Rd4 {[%emt 0:01:50] EASY} f5+ {[%emt 0:05:33] EVAL 400 (Rd3xc3) (=30)} (48... Rxc3+ $142 49. Kf4 Rc8) 49. gxf5 {[%emt 0:01:31] EVAL} Rxd4+ {[%emt 0:02:22] MISSDEEP-Rd3-h3 400 (Rd3-h3) (=39)} 50. Kxd4 {[%emt 0:00:08] RECAPT. White mates.} Bxf5 {[%emt 0:00:02] RELBLUND} 51. c4 {[%emt 0:00:38][%cal Bc3c4,Bc4c5,Bc5c6][%mdl 32] CPLX 2.0} Kg8 {[%emt 0:00:39] RELBLUND} 52. c5 {[%emt 0:00:30] EASY} Bd7 {[%emt 0:00:27] RELBLUND 6 (Kg8-f8) (=36)} 53. Kd5 {[%emt 0:00:11] EASY} Kf7 {[%emt 0:00:04] RELBLUND 1 (Bd7-g4) (=36)} 54. c6 {[%emt 0:00:07] Weighted Error Value: White=0.08 (flawless) /Black=0.32} 1-0

[Event "ESP-chT Honor Division 2022"]
[Site "Linares"]
[Date "2022.09.20"]
[Round "4.20"]
[White "Anton Guijarro, David"]
[Black "Gukesh D"]
[Result "0-1"]
[ECO "B30"]
[WhiteElo "2662"]
[BlackElo "2726"]
[Annotator "TA"]
[PlyCount "112"]
[EventDate "2022.09.17"]
[EventType "team-tourn"]
[EventCountry "ESP"]
[SourceTitle "playchess.com"]
[Source "ChessBase"]
[SourceQuality "1"]
[TimeControl "5400+30"]

1. e4 c5 2. Nf3 Nc6 3. Bb5 e5 4. O-O Bd6 5. Bc4 Nf6 6. d3 Be7 7. Nc3 d6 8. a4 {[%emt 0:00:42] B30: Sicilian: 2...Nc6 3 Bb5, lines without ...g6.} O-O {[%emt 0:02:34] CPLX 2.2 6 (a7-a6) (=3)} 9. Bd2 {[%emt 0:02:50] CPLX 2.4 5 (h2-h3) (=3)} h6 {[%emt 0:07:53] CPLX 2.4 13 (Bc8-d7) (=6)} 10. h3 {[%emt 0:08:35] CPLX 2.5 12 (Rf1-e1) (=6). White is slightly better.} Be6 {[%emt 0:00:57] CPLX 2.5 10 (a7-a6) (=7)} 11. Nd5 {[%emt 0:02:14] [#] CPLX 2.4 7 (Rf1-e1) (=6)} a6 $146 {[%emt 0:14:53] CPLX 2.7 15 (Qd8-d7) (=9)} ({Predecessor:} 11... Qd7 12. c3 Bd8 13. Bb3 Bxd5 14. exd5 Ne7 15. c4 a5 16. Bc2 Nf5 17. Qc1 Bc7 18. b3 Rae8 {½-½ (40) Saglione,E (2439)-Marrero Rodriguez,A (2408) ICCF email 2017}) 12. a5 {[%emt 0:05:47] BESTDEEP} Bxd5 {[%emt 0:01:29] CPLX 2.9 4 (Ra8-c8) (=8)} 13. exd5 {[%emt 0:02:15] RECAPT} Nb8 {[%emt 0:00:26] CPLX 2.6 49 (Nc6-d4) (=14)} (13... Nd4 $14) 14. Nh4 $16 {[%emt 0:09:58] BESTDEEP} Re8 {[%emt 0:07:35] BESTDEEP} 15. Nf5 {[%emt 0:01:50] CPLX 2.5} Bf8 {[%emt 0:00:07] MISS-Nb8-d7 0 (Nb8-d7) (=11)} 16. Re1 {[%emt 0:07:23] CPLX 2.8 8 (Bc4-b3) (=4)} Kh7 {[%emt 0:02:01] MISS-Nb8-d7 7 (Nb8-d7) (=10)} 17. Qf3 {[%emt 0:02:38] CPLX 3.3 6 (g2-g4) (=4)} g6 {[%emt 0:01:12] CPLX 3.3} 18. Ng3 {[%emt 0:00:33] CPLX 3.5 11 (Nf5-e3) (=4)} Nbd7 {[%emt 0:02:55] EASY} 19. Bb3 {[%emt 0:00:58] BESTDEEP} Be7 {[%emt 0:04:47] CPLX 2.6 0 (Qd8-c7) (=8)} 20. Ba4 {[%emt 0:01:36] CPLX 3.0} Rf8 {[%emt 0:06:56] CPLX 3.4} 21. Rab1 {[%emt 0:01:52][%cal Ba1b1,Bb1b4,Bb4b3,Bb3b6][%mdl 32] CPLX 3.2 0 (c2-c4) (=4)} Rc8 {[%emt 0:03:03] BESTDEEP} 22. c4 {[%emt 0:00:46] CPLX 3.2} Rc7 {[%emt 0:01:04] BESTDEEP} 23. Qe2 {[%emt 0:05:09] CPLX 3.2 0 (Qf3-d1) (=3)} Ng8 {[%emt 0:04:21] CPLX 3.1 11 (Nf6-e8) (=7)} 24. b4 {[%emt 0:04:22] CPLX 2.8} cxb4 {[%emt 0:00:19] BESTDEEP} 25. Bxd7 {[%emt 0:00:16] CPLX 3.2 26 (Bd2xb4) (=4)} Rxd7 {[%emt 0:00:59] RECAPT} 26. Rxb4 {[%emt 0:03:27] CPLX 2.9 20 (Bd2xb4) (=5)} f5 {[%emt 0:01:30] CPLX 2.6} 27. Reb1 {[%emt 0:01:10] CPLX 2.7 0 (Rb4-b1) (=5)} Qc8 {[%emt 0:00:21] CPLX 2.8} 28. R4b3 {[%emt 0:04:14] CPLX 2.7 6 (Rb4-b2) (=5)} Rf7 {[%emt 0:01:17] BESTDEEP} 29. Bc3 {[%emt 0:02:03] CPLX 2.7 0 (Bd2-b4) (=5)} Bf6 {[%emt 0:03:39] CPLX 2.5 0 (Be7-g5) (=5)} 30. Nf1 {[%emt 0:01:12] CPLX 2.5 10 (Bc3-b4) (=5)} Bg7 {[%emt 0:00:51] CPLX 2.4 12 (Bf6-g5) (=5)} 31. Rb6 {[%emt 0:02:01] CPLX 2.4 3 (Bc3-d2) (=5)} Nf6 {[%emt 0:01:46] CPLX 2.4 7 (Bg7-f6) (=5)} 32. Bb4 {[%emt 0:00:22] CPLX 2.5 5 (Qe2-d2) (=5)} Qd8 {[%emt 0:01:24] CPLX 2.4 16 (Nf6-e8) (=6)} 33. Qa2 {[%emt 0:02:06] CPLX 2.5 22 (Nf1-d2) (=5)} Nh5 {[%emt 0:03:44] BESTDEEP} 34. Qa3 {[%emt 0:02:05][%cal Rb6d6] CPLX 2.4 20 (Qa2-d2) (=6)} Bf8 {[%emt 0:03:34] CPLX 2.5 17 (Nh5-f4) (=6)} 35. Bd2 {[%emt 0:01:17] CPLX 2.4} g5 {[%emt 0:02:29] CPLX 2.6 36 (Qd8-h4) (=7)} 36. g3 {[%emt 0:02:38] RELBLUND 64 (Qa3-b3) (=8)} (36. Qb3 $16) 36... Nf6 {[%emt 0:01:20] CPLX 2.6 27 (Nh5-f4) (=8)} (36... Nf4 {keeps more tension.} 37. Kh2 Ne2 38. Qb2 f4) 37. Qc1 {[%emt 0:00:29] CPLX 2.5 34 (Bd2-b4) (=9)} f4 {[%emt 0:02:38] CPLX 2.5 22 (Kh7-g8) (=8)} 38. Qd1 {[%emt 0:01:12] CPLX 2.7} (38. gxf4 gxf4 39. Nh2 Rg7+ 40. Kh1 Qe8 $15) 38... Qe8 {[%emt 0:00:38] CPLX 2.9 18 (Kh7-g8) (=8)} 39. Bc3 {[%emt 0:01:10] CPLX 2.7 17 (Qd1-e2) (=9)} Bg7 {[%emt 0:00:49] CPLX 2.7 41 (Kh7-g8) (=9)} 40. g4 {[%emt 0:02:42] CPLX 2.7 21 (Bc3-b4) (=9)} (40. Bb4 $5 ) 40... h5 {[%emt 0:00:27] CPLX 2.7 118 (e5-e4) (=13)} (40... e4 $1 $14) 41. Nd2 $18 {[%emt 0:00:44] BESTDEEP} hxg4 {[%emt 0:00:19] CPLX 2.9 5 (Bg7-f8) (=12)} 42. hxg4 {[%emt 0:00:04] RECAPT} Bf8 {[%emt 0:00:34] CPLX 2.6 33 (Kh7-g8) (=13)} 43. Qf3 $1 {[%emt 0:00:24] DEEPSTRONG} Kg8 {[%emt 0:00:15] CPLX 4.2 50 (Rd7-c7) (=14)} (43... Rc7 $142 44. Ne4 Nxe4 45. Qxe4+ Kh8) 44. Ne4 {[%emt 0:00:40] CPLX 2.6} Nxe4 {[%emt 0:00:44] EASY} 45. Qxe4 {[%emt 0:00:08] Hoping for Qg6+. RECAPT} ({Worse is} 45. dxe4 Qc8 46. c5 Qxc5 $17) 45... Rh7 {[%emt 0:00:14] [#] CPLX 3.3} 46. Kf1 {[%emt 0:01:11] MISSDEEP-c4-c5 106 (c4-c5) (=10)} (46. c5 $1 $18 {[%cal Rc5c6] has better winning chances.}) 46... f3 {[%emt 0:00:47] [#] ( -> ...Rh1#). CPLX 3.0 16 (Qe8-f7) (=13)} 47. Qxf3 {[%emt 0:00:43] MISSDEEP-Kf1-e1 97 (Kf1-e1) (=13)} (47. Ke1 $1 $16) 47... Rdf7 $11 {[%emt 0:00:15] CPLX 3.3=>BLUNDERREACT} 48. Qe3 {[%emt 0:00:35] CPLX 3.9 0 (Qf3-g2) (=12)} Qc8 {[%emt 0:00:52] BESTDEEP} 49. Qe4 {[%emt 0:00:52] And now Bd2 would win. MISS-Qe3xg5 0 (Qe3xg5) (=12)} Rf4 $40 {[%emt 0:00:11][%cal Bf7f4,Bf4f8,Bf8f2][%mdl 160] Black mounts an attack. CPLX 4.3 0 (Qc8-c5) (=12)} 50. Qg6+ {[%emt 0:00:30] EASY} Kh8 {[%emt 0:00:04] Really sharp! CPLX 5.2} 51. Qe6 $2 {[%emt 0:00:33][%mdl 8192] MISS-Qg6xg5 400 (Qg6xg5) (=20)} (51. Qxg5 $11 Rxg4 52. Qf6+ Bg7 53. Qe6 (53. Qxd6 $2 Rg1+ 54. Ke2 Qg4+ 55. Kd2 Qf4+ 56. Ke2 Rh2 $19) 53... Rh1+ 54. Ke2 Re4+ 55. dxe4 Qxc4+ 56. Kf3 Rxb1 57. Rxb1 Qd3+ 58. Kg4 Qxb1 59. Qe8+ (59. Qc8+ Kh7 $14) 59... Kh7 60. Qh5+ Kg8 61. f3) 51... Qc5 $19 {[%emt 0:00:38][%csl Gf4][%cal Rc5f2] EASY} 52. Bxe5+ {[%emt 0:00:38] DEEPSTRONG} dxe5 {[%emt 0:00:05] RECAPT} 53. Qxe5+ {[%emt 0:00:07] RECAPT} Bg7 {[%emt 0:00:10][%csl Gf4][%cal Rc5f2] EASY} 54. Qe8+ {[%emt 0:00:48] RELBLUND 400 (Qe5-b8) (=28)} Rf8 {[%emt 0:00:04][%csl Gf8][%cal Rc5f2] EASY. Black mates.} 55. Qe2 {[%emt 0:00:21] RELBLUND 2 (Qe8xf8) (=27)} Rh1+ {[%emt 0:00:22] DEEPSTRONG} 56. Kg2 {[%emt 0:00:08] [#] LEGAL} Rxf2+ $3 {[%emt 0:00:14][%mdl 512] Never resign too early!  Weighted Error Value: White=0.33/Black=0.11 (very precise)} 0-1

[Event "ESP-chT Honor Division 2022"]
[Site "Linares"]
[Date "2022.09.20"]
[Round "4.21"]
[White "Santos Ruiz, Miguel"]
[Black "Kuzubov, Yuriy"]
[Result "1/2-1/2"]
[ECO "B13"]
[WhiteElo "2581"]
[BlackElo "2627"]
[Annotator "TA"]
[PlyCount "93"]
[EventDate "2022.09.17"]
[EventType "team-tourn"]
[EventCountry "ESP"]
[SourceTitle "playchess.com"]
[Source "ChessBase"]
[SourceQuality "1"]
[TimeControl "5400+30"]

1. e4 c6 2. d4 d5 3. exd5 cxd5 4. Bd3 Nf6 5. c3 Bg4 6. Qb3 Qc7 {[%emt 0:00:43] BESTDEEP} 7. h3 {[%emt 0:00:10] CPLX 2.7. B13: Caro-Kann: Exchange Variation and Panov-Botvinnik Attack.} Bd7 {[%emt 0:00:38] CPLX 2.9 12 (Bg4-h5) (=6)} 8. Nf3 {[%emt 0:03:09][%cal Oc1f4] CPLX 2.1} e6 {[%emt 0:00:30] CPLX 2.1 3 (Nb8-c6) (=5)} 9. O-O {[%emt 0:06:27][%cal Oc1f4] CPLX 2.1 1 (Qb3-c2) (=0). White has an edge.} Bd6 {[%emt 0:01:27] Inhibits Bf4. CPLX 2.2 10 (Bd7-c6) (=6)} 10. Re1 {[%emt 0:04:39] BESTDEEP} Bc6 {[%emt 0:00:34] [#] BESTDEEP} 11. Ne5 $146 {[%emt 0:02:39] CPLX 2.3} ({Predecessor:} 11. Nbd2 Nbd7 12. Qd1 O-O 13. Qe2 Nh5 14. Ng5 Nhf6 15. Ngf3 Nh5 16. Nf1 Nf4 17. Bxf4 Bxf4 {1-0 (88) Aravindh,C (2606)-Mendonca,L (2562) chess24.com INT 2022}) 11... Nbd7 {[%emt 0:00:38][%cal Rd7e5] CPLX 2.5} 12. Nxc6 {[%emt 0:01:00] CPLX 2.8 16 (f2-f4) (=3)} bxc6 {[%emt 0:02:53] RECAPT} 13. c4 {[%emt 0:01:12] CPLX 2.7 0 (Nb1-d2) (=2)} O-O {[%emt 0:02:22] BESTDEEP} 14. Qc2 {[%emt 0:12:22] CPLX 3.0 0 (c4xd5) (=2)} Rfe8 {[%emt 0:17:36] CPLX 2.9 0 (d5xc4) (=3)} 15. Nc3 {[%emt 0:12:09] CPLX 2.9} Bh2+ {[%emt 0:16:37] CPLX 3.0 0 (d5xc4) (=3)} 16. Kh1 {[%emt 0:00:29] CPLX 3.0} Bf4 {[%emt 0:00:06] CPLX 3.3 10 (d5xc4) (=3)} 17. Kg1 {[%emt 0:14:28] CPLX 3.2 10 (c4xd5) (=2)} g6 {[%emt 0:09:45] CPLX 3.1 14 (Bf4-h2) (=4)} 18. Bxf4 {[%emt 0:04:01] CPLX 3.0 0 (b2-b3) (=2)} Qxf4 {[%emt 0:00:47] RECAPT} 19. Ne2 {[%emt 0:00:47] CPLX 2.9 24 (Ra1-d1) (=4)} Qb8 {[%emt 0:05:43] CPLX 3.3} 20. Rac1 {[%emt 0:06:28] CPLX 2.5 0 (Re1-d1) (=4)} a5 {[%emt 0:02:51] CPLX 2.5 2 (e6-e5) (=3)} 21. cxd5 {[%emt 0:01:58] CPLX 2.5} cxd5 {[%emt 0:01:11] RECAPT 0 (e6xd5) (=3)} 22. a4 {[%emt 0:01:32] CPLX 2.5 40 (Ne2-c3) (=6)} Qb4 {[%emt 0:14:12][%cal Oe8c8] BESTDEEP} 23. Qc3 {[%emt 0:04:18] Inhibits Rec8. MISS-Bd3-b5 75 (Bd3-b5) (=10)} (23. Bb5 $15) 23... Qf8 {[%emt 0:00:18] CPLX 2.5 110 (Qb4xa4) (=9)} ({Black should try} 23... Qxa4 $17 24. Ra1 Qb4 25. Qxb4 axb4) 24. Bb5 $11 {[%emt 0:00:31] CPLX 2.2} Rec8 {[%emt 0:02:21] CPLX 2.4 0 (Ra8-a7) (=8)} 25. Qd2 {[%emt 0:02:29] CPLX 2.7 0 (Qc3-f3) (=9)} Nb6 {[%emt 0:02:25][%cal Bd7b6,Bb6c8,Bc8d6,Bd6f5][%mdl 32] BESTDEEP} 26. Rxc8 {[%emt 0:02:09] CPLX 2.6} Nxc8 {[%emt 0:00:38] RECAPT} 27. Rc1 {[%emt 0:02:42] BESTDEEP} Nd6 {[%emt 0:06:19] CPLX 2.2 0 (Nf6-e4) (=7)} 28. Qf4 {[%emt 0:00:29] CPLX 2.2 21 (Rc1-c6) (=9)} Nh5 {[%emt 0:06:00] CPLX 2.5} 29. Qd2 {[%emt 0:03:11] BESTDEEP} Qb8 {[%emt 0:02:47] CPLX 2.3 22 (Nd6xb5) (=8)} 30. Qd3 {[%emt 0:01:41] CPLX 2.3 25 (Ne2-c3) (=9)} Nf6 {[%emt 0:00:39] CPLX 2.4} 31. Rc6 {[%emt 0:00:17] CPLX 2.2 5 (f2-f3) (=9)} h5 {[%emt 0:01:13] CPLX 2.3 7 (Kg8-g7) (=7)} 32. Nc3 {[%emt 0:01:16] CPLX 2.3 27 (Bb5-a6) (=9)} Nf5 {[%emt 0:01:06] CPLX 2.4} 33. Ne2 {[%emt 0:02:03] Against Qf4. CPLX 2.8 0 (Qd3-d2) (=9)} h4 {[%emt 0:00:29] CPLX 2.8 17 (Nf6-e4) (=7)} 34. Qc2 {[%emt 0:01:55] BESTDEEP} Ne4 {[%emt 0:00:42] CPLX 2.9} 35. Rc7 {[%emt 0:01:48] CPLX 4.0 26 (Bb5-d3) (=9)} Qf8 {[%emt 0:00:56] CPLX 3.3 23 (Qb8-b6) (=8)} 36. Bd3 {[%emt 0:01:19] CPLX 2.9} Rb8 {[%emt 0:00:57] CPLX 2.9 23 (Qf8-b4) (=8)} (36... Qb4 $5 37. Bxe4 dxe4 38. Qxe4 Rd8 $15) 37. Bxe4 {[%emt 0:01:25] CPLX 2.9} dxe4 {[%emt 0:00:04] RECAPT} 38. Qxe4 {[%emt 0:00:01] RECAPT} Rxb2 {[%emt 0:00:36] CPLX 2.5} 39. Qe5 {[%emt 0:00:34] RELBLUND 78 (Ne2-c3) (=11)} (39. Nc3 $11) 39... Qd8 {[%emt 0:01:17] MISSDEEP-Qf8-g7 94 (Qf8-g7) (=10)} (39... Qg7 $1 $17 {[%cal Rg7e5] Hoping for ...Qxe5.} 40. Nc3 Nxd4) 40. Nf4 {[%emt 0:00:39] CPLX 4.5} Rb4 {[%emt 0:00:35] [#] RELBLUND 100 (Rb2-b1) (=13)} ({Don't play} 40... Nxd4 41. Nxg6 $1 f6 42. Ne7+ (42. Qxa5 $2 Nc6 $19) 42... Qxe7 43. Rc8+ Kg7 44. Qxd4 $14) (40... Rb1+ $1 $11 {remains equal.} 41. Kh2 Re1 42. Qxa5 Re4 43. Nxg6 Qxd4) 41. Nxg6 {[%emt 0:03:14] Chess con chili. White is more active. MISSDEEP-d4-d5 100 (d4-d5) (=13)} Qxd4 {[%emt 0:00:29] BESTDEEP. The position is equal.} (41... fxg6 $2 42. Qxe6+ Kh8 43. Rc8 Qxc8 44. Qxc8+ $18) 42. Rc8+ {[%emt 0:01:14] EASY} Kh7 {[%emt 0:00:04] EASY} 43. Rh8+ {[%emt 0:00:36] BESTDEEP} Kxg6 {[%emt 0:00:06] LEGAL} 44. Rg8+ {[%emt 0:00:01] EASY} Kh7 {[%emt 0:01:07] CPLX 4.6 0 (Kg6-h5) (=11)} 45. Rh8+ $1 {[%emt 0:00:03] EASY} Kg6 {[%emt 0:00:06] LEGAL} 46. Rg8+ {[%emt 0:00:02] EASY} Kh7 {[%emt 0:00:16] CPLX 4.6 0 (Kg6-h5) (=11)} 47. Rh8+ $1 {[%emt 0:00:04] Weighted Error Value: White=0.13 (very precise) /Black=0.14 (very precise)} 1/2-1/2